 Dungeon Crawl Stone Soup version 0.23.1-37-gaa34b87 (webtiles) character file.

Game seed: 5077765329658124588

11601 night the Basher (level 11, -3/72 HPs)
             Began as a Demonspawn Gladiator on Mar 23, 2019.
             Was an Elder of Cheibriados.
             Slain by a six-headed hydra (4 damage)
             ... on level 2 of the Lair of Beasts.
             The game lasted 00:40:59 (16851 turns).

night the Basher (Demonspawn Gladiator)            Turns: 16851, Time: 00:40:59

Health: -3/72      AC: 11    Str: 25    XL:     11   Next: 51%
Magic:  5/11       EV: 14    Int: 21    God:    Cheibriados [****..]
Gold:   712        SH:  4    Dex: 26    Spells: 10/10 levels left

rFire    + . .     SeeInvis .   P - +9 quarterstaff of Conscience {flame, Fragile +Fly rC+ rN+}
rCold    + . .     Gourm    .   (shield currently unavailable)
rNeg     + . .     Faith    +   U - +2 leather armour {rPois}
rPois    +         Spirit   .   (helmet restricted)
rElec    .         Reflect  .   Q - +0 cloak
rCorr    +         Harm     .   k - +1 pair of gloves
MR       .....                  m - +0 pair of boots
Stlth    +++.......             b - amulet of faith
HPRegen  0.22/turn              W - +2 ring of protection
MPRegen  0.12/turn              T - ring of resist corrosion

@: very slow
A: antennae 2, large bone plates 1, fire resistance 1, nightstalker 1,
MP-powered wands
a: Bend Time, Temporal Distortion, Slouch, Renounce Religion, Evoke Flight


You were on level 2 of the Lair of Beasts.
You worshipped Cheibriados.
Cheibriados was greatly pleased with you.
You were very hungry.

You visited 3 branches of the dungeon, and saw 14 of its levels.
You also visited: Sewer.

You collected 712 gold pieces.

Inventory:

Hand Weapons
 F - a +0 hand crossbow
 I - a +0 morningstar of protection
 K - a +3 dagger
 O - a +0 shortbow
 P - the +9 quarterstaff of Conscience (weapon) {flame, Fragile +Fly rC+ rN+}
   (You found it on level 8 of the Dungeon)

   It has been specially enchanted to burn those struck by it, causing extra
   injury to most foes and up to half again as much damage against particularly
   susceptible opponents.
   It protects you from cold.
   It protects you from negative energy.
   It lets you fly.
   It will be destroyed if unequipped.
Missiles
 d - a throwing net
 i - 410 stones
 q - 3 tomahawks (quivered)
 V - 3 javelins
Armour
 k - a +1 pair of gloves (worn)
 m - a +0 pair of boots (worn)
 Q - a +0 cloak (worn)
 U - a +2 leather armour of poison resistance (worn)
Jewellery
 b - an amulet of faith (around neck)
 l - an uncursed amulet of magic regeneration
 C - a +2 ring of strength
 D - a +1 ring of protection
 R - an uncursed ring of magical power
 T - a ring of resist corrosion (right hand)
 W - a +2 ring of protection (left hand)
 Z - a cursed ring of attention {unknown}
Wands
 a - a wand of enslavement (22)
 n - a wand of random effects (44)
 M - a wand of flame (17)
 S - a wand of iceblast (13)
 X - a wand of disintegration (14)
 Y - a wand of acid (14)
Scrolls
 e - 13 scrolls of identify
 g - a scroll of silence {unknown}
 j - 11 scrolls of remove curse
 p - 4 scrolls of teleportation
 r - 5 scrolls of fog {unknown}
 s - 3 scrolls of fear {unknown}
 v - a scroll of enchant weapon {unknown}
 w - a scroll of immolation {unknown}
 x - 3 scrolls of magic mapping {unknown}
 y - 4 scrolls of blinking {unknown}
 G - a scroll of noise {unknown}
 H - a scroll of random uselessness {unknown}
 L - a scroll of holy word {unknown}
Potions
 c - a potion of magic {unknown}
 h - a potion of invisibility {unknown}
 o - a potion of haste
 t - 3 potions of mutation
 u - a potion of brilliance {unknown}
 z - 3 potions of flight {unknown}
 A - 3 potions of lignification
 B - 4 potions of curing {unknown}
 J - a potion of berserk rage {unknown}
Miscellaneous
 E - a lamp of fire (inert)
 N - a box of beasts
Comestibles
 f - 19 rations


   Skills:
 - Level 2.1 Fighting
 + Level 14.5(15.1) Maces & Flails
 - Level 7.8(12.2) Staves
 - Level 1.7 Throwing
 - Level 2.6 Dodging


You had 10 spell levels left.
You didn't know any spells.
Your spell library was empty.

Dungeon Overview and Level Annotations

Branches:
Dungeon (11/15)            Temple (1/1) D:7            Lair (2/6) D:8
  Swamp: Lair:2-4    Shoals: Lair:2-4     Snake: Lair:2-4    Spider: Lair:2-4
    Orc: D:9-12

Altars:
Ashenzari
Cheibriados
Dithmenos
Elyvilon
Fedhas
Gozag
Hepliaklqana
Kikubaaqudgha
Makhleb
Nemelex Xobeh
Okawaru
Qazlal
Ru
Sif Muna
Trog
Uskayaw
Vehumet
Wu Jian
Xom
Yredelemnul
Zin
The Shining One

Annotations:
Lair:1 exclusions: basilisk and 3 more exclusions
Lair:2 Gastronok


Innate Abilities, Weirdness & Mutations

You have a pair of antennae on your head.
You are partially covered in large bone plates. (SH +4)
Your flesh is heat resistant. (rF+)
You are slightly more attuned to the shadows.
You expend magic power (3 MP) to strengthen your wands.


Message History

The six-headed hydra bites you! x5
* * * LOW HITPOINT WARNING * * *
The six-headed hydra bites you but does no damage.
You bludgeon the six-headed hydra!! You burn the six-headed hydra.
The six-headed hydra is severely wounded.
Evoke which item? (* to show all) (? for menu, Esc to quit)
Aim the lamp in which direction?
Press: ? - help, Dir - move target cursor, f/p - six-headed hydra
Aim: a six-headed hydra (severely wounded, covered in acid)
The flames dance!
The trail of fire hits the six-headed hydra!
The six-headed hydra is severely wounded.
The six-headed hydra is engulfed in blazing flames.
The six-headed hydra bites you.
* * * LOW HITPOINT WARNING * * *
You block the six-headed hydra's attack.
The six-headed hydra bites you!
* * * LOW HITPOINT WARNING * * *
The six-headed hydra bites you.
You die...

.........##
........##
........# { {
#.......# {
#......##
.#.....#####
......[.#..#{
.........†.##
.......@....#
....(..D..>....
........☼......
........☼#.....
.(.......§.(...
.........§....
........☼. ..
......


You could see a six-headed hydra.

Vanquished Creatures
  Erolcha (D:9)
  A hydra (Lair:2)
  A two-headed ogre (D:11)
  Erica (D:10)
  An ugly thing (D:11)
  A centaur skeleton (D:11)
  2 spiny frogs (Lair:1)
  2 komodo dragons
  2 hippogriffs
  4 yaks
  A wyvern (D:11)
  A hog (D:6)
  A basilisk (Lair:2)
  A hungry ghost (D:10)
  Menkaure (D:7)
  A water moccasin (Lair:1)
  3 porcupines
  An acid dragon (D:11)
  4 orc warriors
  A black bear (D:10)
  2 ice beasts
  2 sky beasts
  An eye of draining (D:10)
  4 phantoms
  4 ogres
  2 centaurs
  A big kobold (D:10)
  A crocodile (D:5)
  7 bullfrogs
  4 scorpions
  11 killer bees
  5 wights
  A howler monkey (D:4)
  4 electric eels (Lair:1)
  4 crimson imps (D:5)
  2 centaur zombies
  7 hounds
  3 quasits
  3 orc priests
  2 bullfrog skeletons
  3 jellies
  Jessica (D:2)
  Natasha (thrice) (D:3)
  11 orc wizards
  5 worker ants
  Robin (D:2)
  4 gnolls
  16 adders
  3 river rats (Sewer)
  2 shadow imps
  2 oozes
  An adder zombie (D:9)
  7 worms
  7 leopard geckos
  42 orcs
  7 ball pythons
  7 bats
  6 giant cockroaches
  10 hobgoblins
  7 quokkas
  11 frilled lizards
  15 goblins
  A jackal skeleton (D:4)
  9 kobolds
  A quokka skeleton (D:8)
  17 rats
  A plant (Lair:1)
301 creatures vanquished.

Vanquished Creatures (others)
  3 bushes (D:3)
3 creatures vanquished.

Grand Total: 304 creatures vanquished

Notes
Turn   | Place    | Note
-------+----------+-------------------------------------------
     0 | D:1      | night the Demonspawn Gladiator began the quest for the Orb.
     0 | D:1      | Reached XP level 1. HP: 16/16 MP: 1/1
    40 | D:1      | Reached skill level 3 in Maces & Flails
    83 | D:1      | Gained mutation: You have a pair of small antennae on your
                  | head. [demonic ancestry]
    83 | D:1      | Reached XP level 2. HP: 15/22 MP: 2/2
   634 | D:1      | Gained mutation: You have a pair of antennae on your head.
                  | [demonic ancestry]
   634 | D:1      | Reached XP level 3. HP: 27/27 MP: 3/3
  1012 | D:2      | Reached skill level 4 in Maces & Flails
  1270 | D:2      | Noticed Jessica
  1279 | D:2      | Killed Jessica
  1279 | D:2      | Gained mutation: You are slightly more attuned to the
                  | shadows. [demonic ancestry]
  1279 | D:2      | Reached XP level 4. HP: 24/33 MP: 4/4
  1927 | D:3      | Noticed Robin
  2303 | D:2      | Killed Robin
  2511 | D:3      | Reached skill level 5 in Maces & Flails
  2763 | D:2      | Reached XP level 5. HP: 24/38 MP: 5/5
  3263 | D:3      | Noticed Natasha
  3280 | D:3      | Killed Natasha
  3286 | D:3      | Noticed Natasha
  3295 | D:3      | Killed Natasha
  3301 | D:3      | Noticed Natasha
  3308 | D:3      | Killed Natasha
  3308 | D:3      | Reached skill level 6 in Maces & Flails
  3529 | D:3      | Reached XP level 6. HP: 17/44 MP: 6/6
  4048 | D:4      | Noticed an ice beast
  4048 | D:4      | an ogre changed into an ice beast
  4070 | D:4      | Killed an ice beast
  4451 | D:4      | Noticed Blork the orc
  4507 | D:4      | Noticed Blork
  4507 | D:4      | Blork the orc changed into Blork the howler monkey
  4509 | D:4      | Killed Blork the howler monkey
  4748 | D:4      | Reached skill level 7 in Maces & Flails
  5080 | D:4      | Found a blossoming altar of Fedhas.
  5358 | D:5      | Entered Level 5 of the Dungeon
  5472 | D:5      | Reached XP level 7. HP: 4/50 MP: 7/7
  5901 | D:5      | Found a glowing drain.
  5907 | Sewer    | Entered a sewer
  6397 | D:5      | Reached skill level 8 in Maces & Flails
  6991 | D:5      | Reached skill level 9 in Maces & Flails
  6991 | D:5      | Reached XP level 8. HP: 37/56 MP: 8/8
  8062 | D:6      | Reached skill level 10 in Maces & Flails
  8541 | D:7      | Noticed Menkaure
  8553 | D:7      | Killed Menkaure
  8553 | D:7      | Reached XP level 9. HP: 42/61 MP: 9/9
  8866 | D:7      | Found a staircase to the Ecumenical Temple.
  8880 | Temple   | Entered the Ecumenical Temple
  9144 | Temple   | Became a worshipper of Cheibriados the Contemplative
  9255 | D:7      | Reached skill level 11 in Maces & Flails
  9330 | D:7      | Reached * piety under Cheibriados
  9510 | D:7      | Gained mutation: You have sharp toenails. [potion of
                  | mutation]
  9510 | D:7      | Lost mutation: You have sharp toenails. [potion of
                  | mutation]
  9510 | D:7      | Gained mutation: You expend magic power (3 MP) to
                  | strengthen your wands. [potion of mutation]
  9526 | D:7      | HP: 2/91 [killer bee (5)]
  9534 | D:7      | HP: 1/91 [poisoned by a killer bee]
 10470 | D:8      | Got a crude quarterstaff
 10471 | D:8      | Identified the +9 quarterstaff of Conscience {flame,
                  | Fragile +Fly rC+ rN+} (You found it on level 8 of the
                  | Dungeon)
 10478 | D:8      | Reached skill level 12 in Maces & Flails
 10616 | D:8      | Found a staircase to the Lair.
 10621 | D:8      | Reached skill level 1 in Staves
 10767 | D:8      | Reached ** piety under Cheibriados
 11156 | D:8      | Reached *** piety under Cheibriados
 11162 | D:8      | Reached skill level 5 in Staves
 11162 | D:8      | Gained mutation: Your flesh is heat resistant. (rF+)
                  | [demonic ancestry]
 11162 | D:8      | Reached XP level 10. HP: 10/67 MP: 10/10
 11988 | D:9      | Reached **** piety under Cheibriados
 12444 | D:9      | Noticed Erolcha
 12453 | D:9      | Killed Erolcha
 12969 | D:10     | Entered Level 10 of the Dungeon
 13044 | D:10     | Noticed Erica
 13059 | D:10     | Killed Erica
 13924 | D:11     | Reached skill level 13 in Maces & Flails
 13996 | D:11     | Noticed a purple ugly thing
 14005 | D:11     | Killed a purple ugly thing
 14157 | D:11     | Gained mutation: You are partially covered in large bone
                  | plates. (SH +4) [demonic ancestry]
 14157 | D:11     | Reached XP level 11. HP: 60/72 MP: 11/11
 14211 | D:11     | Noticed a two-headed ogre
 14220 | D:11     | Killed a two-headed ogre
 15006 | Lair:1   | Entered Level 1 of the Lair of Beasts
 15771 | Lair:1   | Reached skill level 14 in Maces & Flails
 16399 | Lair:2   | Reached ***** piety under Cheibriados
 16522 | Lair:2   | Noticed a six-headed hydra
 16531 | Lair:2   | Killed a six-headed hydra
 16572 | Lair:2   | Noticed Gastronok
 16579 | Lair:2   | Noticed a six-headed hydra
 16851 | Lair:2   | HP: 1/72 [six-headed hydra (10)]
 16851 | Lair:2   | Slain by a six-headed hydra

Skill      XL: |  1  2  3  4  5  6  7  8  9 10 11 |
---------------+----------------------------------+-----
Maces & Flails | 3 4 5 6 7 9 10 12 13 14 | 14.5
Staves         | 5 7 |  7.8
Fighting       | |  2.1
Throwing       | |  1.7
Dodging        | |  2.6

Action                   |  1- 3 |  4- 6 |  7- 9 | 10-12 || total
-------------------------+-------+-------+-------+-------++-------
Melee: Flail             |   108 |   294 |   267 |       ||   669
       Morningstar       |       |       |   171 |       ||   171
       Quarterstaff      |       |       |    86 |   221 ||   307
Throw: Stone             |       |       |     6 |       ||     6
       Tomahawk          |       |       |     2 |    10 ||    12
       Throwing net      |       |       |     1 |     1 ||     2
Invok: Slouch            |       |       |       |     1 ||     1
Evoke: Wand              |       |     7 |     7 |     6 ||    20
       Lamp of fire      |       |       |     1 |     1 ||     2
  Use: Scroll            |     2 |     2 |     2 |     1 ||     7
       Potion            |       |     1 |     4 |     2 ||     7
 Stab: Sleeping          |     1 |     6 |    10 |    10 ||    27
       Paralysed         |       |     5 |       |       ||     5
       Confused          |       |     1 |       |       ||     1
       Distracted        |       |       |       |     1 ||     1
  Eat: Chunk             |     1 |    14 |    12 |     8 ||    35
       Ration            |       |       |     1 |       ||     1
Armor: Leather armour    |    36 |       |       |    23 ||    59
       Ring mail         |     4 |   111 |   193 |    15 ||   323
       Skin              |       |       |    21 |       ||    21
Dodge: Dodged            |    67 |   176 |   296 |    87 ||   626
Block: Other             |       |       |       |     8 ||     8
